cohdb
Replays
Latest Replays
All Replays
Popular Replays
Top Player Replays
Match Explorer
How It Works
Community
CoH3 Stats
Reddit
Sign in to upload your games and track your stats! →
Sign in with Steam
Match 44692427
Unlisted
Match 44692427
Overview
Messages
Build Orders
End
Construct Weapon Support Center
Selects Armored Battlegroup
Selects Assault Engineers
Selects Assault Engineers
Assault Engineer Squad
Assault Engineer Squad
M1919 Machine Gun Team
Bazooka Squad
Air Support Center
Selects Field Repairs
Selects Field Repairs
Grasshopper Recon Run
Construct Motor Pool
P-47 Strafing Run
P-47 Dive Bomb
M24 Chaffee Light Tank
Selects Fast Deploy
.30 cal Machine Gun
Grasshopper Recon Run
P-47 Strafing Run
M24 Chaffee Light Tank
Grasshopper Recon Run
P-47 Strafing Run
Air Supremacy
.30 cal Machine Gun
Assault Engineer Squad
Grasshopper Recon Run
M24 Chaffee Light Tank
.30 cal Machine Gun
M24 Chaffee Light Tank
Grasshopper Recon Run
Selects War Machine
Grasshopper Recon Run
.30 cal Machine Gun
P-47 Dive Bomb
Selects M8 Scott SPG
Selects UNKNOWN (2160077)
Construct Tank Depot
Grasshopper Recon Run
P-47 Dive Bomb
P-47 Strafing Run
Grasshopper Recon Run
Assault Engineer Squad
Assault Engineer Squad
M1919 Machine Gun Team
M1919 Machine Gun Team
P-47 Dive Bomb
Grasshopper Recon Run
P-47 Strafing Run
.30 cal Machine Gun
.30 cal Machine Gun
M4A3E8 Sherman Easy Eight
Grasshopper Recon Run
P-47 Strafing Run
P-47 Dive Bomb
Assault Engineer Squad
P-47 Strafing Run
P-47 Dive Bomb
Grasshopper Recon Run
P-47 Dive Bomb
浩瀚星辰繁如景
matrix4x4
simiver
Jayx_KR
Ezio
stediscus
pppp2200
Chris P. Bacon
0
0
Comments
sign in to comment!
No comments posted yet!